 Dungeon Crawl Stone Soup version 0.23.2-1-ga50397a (webtiles) character file.

Game seed: 3614703941979205854

101 troglodite the Magician (level 4, -3/28 HPs)
             Began as an Octopode Wizard on May 14, 2019.
             Slain by a hobgoblin
             ... wielding a +0 club
              (4 damage)
             ... on level 3 of the Dungeon.
             The game lasted 00:11:48 (3332 turns).

troglodite the Magician (Octopode Wizard)           Turns: 3332, Time: 00:11:48

Health: -3/28      AC:  1    Str:  6    XL:     4   Next: 75%
Magic:  12/18      EV: 13    Int: 20    God:
Gold:   77         SH:  0    Dex: 11    Spells: 4/10 levels left

rFire    . . .     SeeInvis .   g - +0 short sword
rCold    . . .     Gourm    .   (no shield)
rNeg     . . .     Faith    .   a - +0 hat
rPois    .         Spirit   .   o - amulet of regeneration
rElec    .         Reflect  .   e - ring of magical power
rCorr    +         Harm     .   q - ring of resist corrosion
MR       .....                  (no ring)
Stlth    +++.......             (no ring)
HPRegen  0.49/turn              (no ring)
MPRegen  0.16/turn              (no ring)
                                (no ring)
                                (no ring)

@: no status effects
A: almost no armour, stealthy swim, amphibious, 8 rings, constrict 8, camouflage
1, gelatinous body 1
a: no special abilities


You were on level 3 of the Dungeon.
You were not hungry.

You visited 1 branch of the dungeon, and saw 3 of its levels.

You collected 77 gold pieces.

Inventory:

Hand Weapons
 g - a +0 short sword (weapon)
Armour
 a - a +0 hat (worn)
Jewellery
 e - a ring of magical power (left tentacle)
 o - an amulet of regeneration (around mantle)
 q - a ring of resist corrosion (right tentacle)
Scrolls
 d - a scroll of amnesia {unknown}
 h - 3 scrolls of remove curse {unknown}
 i - a scroll of enchant armour {unknown}
 j - a scroll of enchant weapon {unknown}
 n - 6 scrolls of identify {unknown}
 s - 2 scrolls of teleportation {unknown}
 t - 3 scrolls of fog {unknown}
Potions
 f - a potion of curing {unknown}
 k - a potion of might {unknown}
 l - a potion of magic {unknown}
 m - a potion of agility {unknown}
 p - a potion of ambrosia {unknown}
 r - a potion of invisibility {unknown}
Comestibles
 c - 5 rations


   Skills:
 * Level 1.6 Fighting
 * Level 2.2 Dodging
 * Level 3.2 Stealth
 * Level 3.9 Spellcasting
 * Level 1.7 Conjurations
 * Level 1.6 Summonings
   Level 1.0 Translocations


You had 4 spell levels left.
You knew the following spells:

 Your Spells              Type           Power        Failure   Level  Hunger
a - Magic Dart            Conj           ##..         6%          1    None
b - Call Imp              Summ           ##......     10%         2    ##.....
c - Conjure Flame         Conj/Fire      #.......     26%         3    ###....

Your spell library contained the following spells:

 Spells                   Type           Power        Failure   Level  Hunger
 Blink                    Tloc           N/A          13%         2    ##.....
 Slow                     Hex            #.......     21%         2    ##.....
 Mephitic Cloud           Conj/Pois/Air  #.......     30%         3    ###....


Dungeon Overview and Level Annotations

Branches:
Dungeon (3/15)

Altars:

Annotations:
D:3 Grinder


Innate Abilities, Weirdness & Mutations

You cannot wear most types of armour.
You are very stealthy in the water. (Stealth+)
You are amphibious.
You can wear up to eight rings at the same time.
You can use your tentacles to constrict eight enemies at once.
Your skin changes colour to match your surroundings (Stealth+).
Your rubbery body absorbs attacks. (AC +1, EV +1)


Message History

The orc wizard blinks!
The hobgoblin barely misses you.
The orc wizard points at you and mumbles some strange words.
The magic dart hits you!
* * * LOW HITPOINT WARNING * * *
The hobgoblin closely misses you.
The orc wizard gestures wildly while chanting.
The orc wizard flickers and vanishes!
Deactivating autopickup; reactivate with Ctrl-A.
The orc wizard hits you with a +0 dagger.
* * * LOW HITPOINT WARNING * * *
The orc wizard closely misses you.
The orc wizard hits you but does no damage.
Found a scroll labeled ERGHIU HUONG.
The orc wizard gestures at you while chanting.
The magic dart hits you!
* * * LOW HITPOINT WARNING * * *
Found an escape hatch in the floor.
The orc wizard mumbles some strange words.
The orc wizard blinks!
The hobgoblin hits you with a +0 club.
You die...

.....................
.......................
...................##.#
.#.................#..## .#
...............####.... ...#
.#............## #...# ...#
......>..#.....###...###...#
..#..(..#....<.............##
....:.....#.....@g§.........###
..#.##...###..................
....##.......##..(.......##.#..
...(.#....(............?.......
...#........#..................
.#....#.##....####.####.#......
#####.# .#..o# #.. #........ #
.. ..>. ..?# ##)...... .. .##..
#?.....


You could see an orc wizard and a hobgoblin.

Vanquished Creatures
  3 adders (D:2)
  2 worms (D:3)
  3 dart slugs
  2 leopard geckos (D:1)
  An orc (D:3)
  3 giant cockroaches
  5 goblins
  6 hobgoblins
  4 jackals (D:2)
  6 kobolds
  A ball python (D:2)
  11 bats
  5 frilled lizards
  8 rats
60 creatures vanquished.

Notes
Turn   | Place    | Note
-------+----------+-------------------------------------------
     0 | D:1      | troglodite the Octopode Wizard began the quest for the Orb.
     0 | D:1      | Reached XP level 1. HP: 11/11 MP: 4/4
     7 | D:1      | Noticed a black mamba
     7 | D:1      | Noticed a black bear
     8 | D:1      | Noticed a komodo dragon
     8 | D:1      | Noticed a killer bee
   369 | D:1      | Reached XP level 2. HP: 17/17 MP: 3/6
   482 | D:1      | Learned a level 2 spell: Call Imp
   983 | D:1      | Reached skill level 1 in Fighting
   992 | D:1      | Reached XP level 3. HP: 18/23 MP: 2/8
  1843 | D:2      | Reached XP level 4. HP: 28/28 MP: 9/9
  1859 | D:2      | Learned a level 3 spell: Conjure Flame
  2793 | D:3      | Noticed Grinder
  2969 | D:3      | Paralysed by Grinder for 7 turns
  3037 | D:3      | Paralysed by Grinder for 3 turns
  3135 | D:3      | Paralysed by Grinder for 7 turns
  3331 | D:3      | HP: 1/28 [orc wizard/magic dart (8)]
  3332 | D:3      | Slain by a hobgoblin

Skill      XL: |  1  2 |
---------------+-------+-----
Stealth        | 3 |  3.2
Fighting       | 1 |  1.6
Dodging        | |  2.2
Spellcasting   | |  3.9
Conjurations   | |  1.7
Summonings     | |  1.6
Translocations | |  1.0

Action                   |  1- 3 |  4- 6 || total
-------------------------+-------+-------++-------
Melee: Constrict         |     9 |     9 ||    18
       Tentacles         |     2 |     6 ||     8
       Unarmed           |     2 |       ||     2
       Short sword       |    21 |    36 ||    57
 Cast: Magic Dart        |    94 |    56 ||   150
       Call Imp          |       |     1 ||     1
 Stab: Sleeping          |     1 |     1 ||     2
  Eat: Chunk             |     3 |     4 ||     7
Armor: Skin              |     3 |     1 ||     4
Dodge: Dodged            |    43 |    19 ||    62
